 Dungeon Crawl Stone Soup version 0.26.1-2-gb8aa6d0cf2 (webtiles) character file.

Game seed: 3804164883793952433

6197 Almogavar the Cleaver (level 10, -3/90 HPs)
             Began as a Hill Orc Fighter on Mar 23, 2021.
             Was an Elder of Okawaru.
             Slain by a big kobold
             ... wielding the +9 short sword of Intuition {distort, rElec rF- rC+++ Int-2}
              (17 damage)
             ... on level 7 of the Dungeon.
             The game lasted 00:34:36 (10294 turns).

Almogavar the Cleaver (Hill Orc Fighter)           Turns: 10294, Time: 00:34:37

Health: -3/90      AC: 21    Str: 23    XL:     10   Next: 91%
Magic:  19/19      EV:  8    Int:  8    God:    Okawaru [****..]
Gold:   434        SH: 11    Dex: 10    Spells: 9/9 levels left

rFire    + . .     SeeInvis +   a - +0 war axe
rCold    . . .     Faith    .   c - +0 kite shield
rNeg     . . .     Spirit   .   B - +0 chain mail
rPois    .         Reflect  .   o - +0 helmet
rElec    +         Harm     .   z - +2 cloak {Will+}
rCorr    .         Rampage  .   g - +2 pair of gloves
Will     +....                  w - +1 pair of boots {Fly}
Stlth    ..........             C - amulet of magic regeneration
HPRegen  0.25/turn              E - ring of protection from fire
MPRegen  0.41/turn              A - ring of Eternal Night {rElec MP+9 SInv}

@: mighty, flying
A: no striking features
a: Stop Flying, Renounce Religion, Heroism


You were on level 7 of the Dungeon.
You worshipped Okawaru.
Okawaru was greatly pleased with you.
You visited 2 branches of the dungeon, and saw 10 of its levels.

You collected 648 gold pieces.
You spent 214 gold pieces at shops.

Inventory:

Hand Weapons
 a - a +0 war axe (weapon)
Armour
 c - a +0 kite shield (worn)
 g - a +2 pair of gloves (worn)
 o - a +0 helmet (worn)
 w - a +1 pair of boots of flying (worn)
 z - a +2 cloak of willpower (worn)
 B - a +0 chain mail (worn)
Jewellery
 m - an uncursed ring of stealth
 r - a +6 ring of intelligence
 y - an uncursed ring of positive energy
 A - the ring of Eternal Night (right hand) {rElec MP+9 SInv}
   (You took it off an orc on level 7 of the Dungeon)

   [ring of magical power]

   It insulates you from electricity.
   It affects your magic capacity (+9).
   It lets you see invisible.
 C - an amulet of magic regeneration (around neck)
 E - a ring of protection from fire (left hand)
Wands
 b - a wand of iceblast (12)
 p - a wand of disintegration (32)
 s - a wand of enslavement (6)
 D - a wand of flame (20)
 F - a wand of digging (4)
 I - a wand of polymorph (6)
Scrolls
 e - 4 scrolls of teleportation
 f - 3 scrolls of fear
 i - 2 scrolls of amnesia
 l - 3 scrolls of fog
 q - 3 scrolls of enchant armour
 u - a scroll of blinking
 G - a scroll of remove curse
 J - a scroll of random uselessness {unknown}
Potions
 h - 2 potions of lignification {unknown}
 k - a potion of magic {unknown}
 n - 2 potions of curing
 t - a potion of flight
 v - a potion of ambrosia {unknown}
 x - 2 potions of haste {unknown}
 H - a potion of mutation {unknown}


   Skills:
 + Level 8.4 Fighting
 + Level 13.2 Axes
 + Level 7.4 Armour
 + Level 3.3 Dodging
 + Level 9.0 Shields


You had 9 spell levels left.
You didn't know any spells.
Your spell library contained the following spells:

 Spells                   Type           Power        Failure   Level
 Freeze                   Ice            0%           99%         1
 Shock                    Conj/Air       0%           99%         1
 Swiftness                Air            0%           100%        2
 Frozen Ramparts          Ice            0%           100%        3
 Ozocubu's Armour         Ice            0%           100%        3
 Static Discharge         Conj/Air       0%           100%        3
 Airstrike                Air            0%           100%        4
 Hailstorm                Conj/Ice       0%           100%        4
 Summon Ice Beast         Ice/Summ       0%           100%        4
 Lightning Bolt           Conj/Air       0%           100%        5


Dungeon Overview and Level Annotations

Branches:
Dungeon (9/15)             Temple (1/1) D:5
   Lair: D:8-11         Orc: D:9-12

Altars:
Ashenzari
Cheibriados
Elyvilon
Fedhas
Gozag
Hepliaklqana
Kikubaaqudgha
Nemelex Xobeh
Okawaru
Ru
Sif Muna
Trog
Vehumet
Wu Jian
Xom
Yredelemnul

Shops:
D:5 [   D:6 [   D:9 ?

Portals:
Abyss: D:7

Annotations:
D:7 1 transporter


Message History

You feel sick.
Your Shields skill increases to level 9!
You slash the big kobold!
The big kobold is heavily wounded.
The big kobold hits you with the +9 short sword of Intuition {distort, rElec rF- rC+++ Int-2}.
* * * LOW HITPOINT WARNING * * *
Space warps horribly around you!
* * * LOW HITPOINT WARNING * * *
It was a potion of curing.
You feel better.
The big kobold hits you but does no damage.
You blink.
You slice the small abomination!!
The small abomination is severely damaged.
You block the small abomination's attack.
You slice the small abomination!!
You destroy the small abomination!
Okawaru accepts your kill.
The big kobold hits you but does no damage.
Space warps horribly around you!
You die...

#.##.##..########.##..### #.#[#
##.#.....$#©##..#≈≈ #.###
###..##.##.##..#.. #..#
##.©..#####..##..#..
#(.###....##.....####.#..
###....#.#..#......## #.#..
#......#/..##..###..###.#..
###.##..##.#.#©.##.##..##.##.
#......##...@##.#:.###.##.#..
#.#.#..#.####K#####∩##.##.#..
#.#.#.##.#.# #.....##..##.###
#.#.#.#...$####.#.©#...##...P
#.#.#.#.###...##...#...##....
#.#.#.###.##.####.##...##....
###.#.#......###..###...##..###
##>###.........................#
#...#######.######.#..#.######.#


You could see a big kobold.

Vanquished Creatures
  Pikel (D:5)
  The ghost of hallab the Chopper, a novice DrGl of Gozag (D:6)
  An ugly thing (D:7)
  The ghost of Groucho the Unseen, a novice SpEn of Kikubaaqudgha (D:7)
  A troll (D:8)
  2 small abominations (D:7)
  Sigmund (D:7)
  Edmund (D:7)
  A water moccasin (D:8)
  A sky beast (D:9)
  2 black bears
  3 centaurs
  An ogre (D:6)
  A lemure (D:5)
  11 big kobolds
  8 bullfrogs
  6 killer bees (D:7)
  5 wights (D:8)
  A howler monkey (D:6)
  A crimson imp (D:6)
  2 orc priests
  4 hounds
  A centaur skeleton (D:7)
  7 orc wizards
  2 gnoll shamans
  4 iguanas
  12 worker ants
  A hound zombie (D:5)
  A worker ant zombie (D:7)
  A howler monkey zombie (D:9)
  Robin (D:2)
  13 gnolls
  7 adders
  3 shadow imps
  3 white imps
  3 ufetubi
  An ooze (D:5)
  6 worms
  3 leopard geckos
  29 orcs
  2 ball pythons
  6 giant cockroaches
  15 goblins
  11 hobgoblins
  12 jackals
  4 quokkas
  9 bats
  6 frilled lizards
  7 kobolds
  A quokka skeleton (D:7)
  3 rats (D:2)
230 creatures vanquished.

Vanquished Creatures (others)
  3 fungi (D:6)
  2 plants
5 creatures vanquished.

Grand Total: 235 creatures vanquished

Notes
Turn   | Place    | Note
-------+----------+-------------------------------------------
     0 | D:1      | Almogavar the Hill Orc Fighter began the quest for the Orb.
     0 | D:1      | Reached XP level 1. HP: 19/19 MP: 1/1
   140 | D:1      | Reached XP level 2. HP: 26/27 MP: 2/2
   306 | D:1      | Reached skill level 3 in Axes
   432 | D:2      | You fall into a shaft and drop 2 floors!
   438 | D:4      | Reached XP level 3. HP: 10/33 MP: 3/3
   445 | D:4      | Reached XP level 4. HP: 37/40 MP: 4/4
   447 | D:4      | Reached skill level 4 in Axes
   603 | D:4      | Reached XP level 5. HP: 20/46 MP: 5/5
   849 | D:4      | Reached skill level 5 in Axes
  1610 | D:2      | Noticed Robin
  1618 | D:2      | Killed Robin
  1619 | D:2      | Reached XP level 6. HP: 39/53 MP: 6/6
  2083 | D:2      | Found a faded altar of an unknown god.
  2284 | D:3      | Reached skill level 6 in Axes
  2301 | D:3      | Reached skill level 1 in Dodging
  2797 | D:3      | Found a hazy altar of Hepliaklqana.
  3594 | D:4      | Reached XP level 7. HP: 57/60 MP: 7/7
  3672 | D:4      | Found a radiant altar of Vehumet.
  3915 | D:5      | Entered Level 5 of the Dungeon
  3941 | D:4      | Reached skill level 5 in Fighting
  3945 | D:4      | Reached skill level 7 in Axes
  3945 | D:4      | Reached skill level 5 in Shields
  4544 | D:5      | Noticed Pikel
  4566 | D:5      | Killed Pikel
  4567 | D:5      | Reached skill level 8 in Axes
  4567 | D:5      | Reached skill level 5 in Armour
  4567 | D:5      | Reached XP level 8. HP: 21/70 MP: 8/8
  4870 | D:5      | Found a staircase to the Ecumenical Temple.
  4892 | Temple   | Entered the Ecumenical Temple
  4905 | Temple   | Became a worshipper of Warmaster Okawaru
  5108 | D:5      | Found Vekhlac's Armour Shoppe.
  5116 | D:5      | Bought a +1 pair of boots of flying for 214 gold pieces
  5632 | D:6      | Found a basalt altar of Yredelemnul.
  5633 | D:6      | Found a shimmering altar of Xom.
  5633 | D:6      | Found an ornate altar of the Wu Jian Council.
  5636 | D:6      | Found a shimmering blue altar of Sif Muna.
  5727 | D:6      | Found a sparkling altar of Nemelex Xobeh.
  5728 | D:6      | Found an ancient bone altar of Kikubaaqudgha.
  5745 | D:6      | Reached skill level 9 in Axes
  5824 | D:6      | Got a dazzling helmet
  5835 | D:6      | Identified the cursed -5 helmet "Xeudwav" {Rampage} (You
                  | found it on level 6 of the Dungeon)
  6092 | D:6      | Found a runed translucent gate.
  6092 | D:6      | Found a runed translucent gate.
  6094 | D:6      | Found a runed translucent gate.
  6095 | D:6      | Noticed hallab's ghost (novice DrGl)
  6145 | D:6      | Found Hehiw's Antique Armour Emporium.
  6631 | D:7      | Found a transporter.
  6635 | D:7      | Noticed a small abomination
  6660 | D:7      | Found a transporter.
  6675 | D:7      | Identified the +9 short sword of Intuition {distort, rElec
                  | rF- rC+++ Int-2}
  6676 | D:7      | Noticed Groucho's ghost (novice SpEn)
  6694 | D:7      | Reached XP level 9. HP: 64/77 MP: 9/9
  6773 | D:7      | Found an opulent altar of Gozag.
  6819 | D:7      | Reached * piety under Okawaru
  7093 | D:7      | Identified the ring of Eternal Night {rElec MP+9 SInv}
  7105 | D:7      | Reached skill level 10 in Axes
  7234 | D:7      | Noticed a cyan ugly thing
  7340 | D:7      | Found a one-way gate to the infinite horrors of the Abyss.
  7394 | D:7      | Noticed Sigmund
  7410 | D:7      | Killed Sigmund
  7459 | D:7      | Noticed Edmund
  7485 | D:7      | Killed Edmund
  8065 | D:8      | Reached ** piety under Okawaru
  8070 | D:8      | Reached skill level 11 in Axes
  8845 | D:9      | Noticed a troll
  8854 | D:8      | Reached XP level 10. HP: 82/86 MP: 10/10
  9062 | D:9      | Identified a scroll of acquirement
  9063 | D:9      | Acquired a +2 cloak of willpower
  9723 | D:9      | Found Kampavel's Magic Scroll Shop.
 10026 | D:6      | Reached skill level 12 in Axes
 10028 | D:6      | Reached *** piety under Okawaru
 10052 | D:6      | Killed hallab's ghost
 10275 | D:7      | Killed Groucho's ghost
 10286 | D:7      | Killed a cyan ugly thing
 10287 | D:7      | Reached skill level 13 in Axes
 10290 | D:7      | HP: 3/89 [big kobold/the +9 short sword of Intuition
                  | {distort, rElec rF- rC+++ Int-2} (15)]
 10293 | D:7      | Reached **** piety under Okawaru
 10294 | D:7      | Slain by a big kobold

Illustrated notes

Levels and vault maps discovered:
D:1:      dpeg_arrival_fog, layout_rooms
D:2:      layout_rooms, chequers_ecumenical_altar_simple_redux, uniq_robin
D:3:      layout_rooms, general_overflow_altar
D:4:      layout_basic, kennysheep_mini_moat, grunt_ministairs_15,
          bh_walls_and_bars
D:5:      layout_cave_pods, minmay_temple_entry_glass, serial_shops,
          nicolae_shop_temple_entry_statues_fountains, uniq_pikel
D:6:      layout_gridville, grunt_temple_overflow_open,
          gammafunk_temple_overflow_statue, serial_shops, shop,
          gammafunk_ghost_nasty_kobolds, minmay_fire_ice_demons
D:7:      layout_loops_ring, nicolae_gozag_seed_capital,
          gammafunk_ghost_abyssal_escape, minmay_misc_feat_x,
          grunt_ministairs_4, chequers_jeans, sigmund_edmund_badplayer
D:8:      layout_basic, kennysheep_windowed_goal
D:9:      layout_long_grid, serial_shops, nicolae_shop_stone
Temple:   dshaligram_water_room_temple

Skill      XL: |  1  2  3  4  5  6  7  8  9 10 |
---------------+-------------------------------+-----
Axes           | 3 4 5 6 8 9 11 13 | 13.2
Fighting       | 4 5 6 7 8 |  8.4
Armour         | 4 5 6 7 |  7.4
Shields        | 4 5 6 7 9 |  9.0
Dodging        | 1 2 3 |  3.3

Action                   |  1- 3 |  4- 6 |  7- 9 | 10-12 || total
-------------------------+-------+-------+-------+-------++-------
Melee: War axe           |    31 |   263 |   459 |   181 ||   934
  Use: Potion            |     2 |       |       |     6 ||     8
       Scroll            |       |       |     9 |     4 ||    13
Armor: Scale mail        |    13 |   145 |   132 |       ||   290
       Chain mail        |       |       |    71 |    85 ||   156
Dodge: Dodged            |    17 |   108 |   120 |    58 ||   303
Block: Kite shield       |    14 |   162 |   267 |    99 ||   542
